PIO (24 & UNDER)
SALEM SLEDGEHAMMERS @ SEATTLE RAINIERS
06/21/2028
 
TOP OF THE 1ST
Salem Sledgehammers batting - Pitching for Seattle Rainiers : RHP Les Johnston
Pitching: RHP Les Johnston
Batting: RHB Ben Simpson 0-0: Bunt for hit - play at first, batter OUT! 1-3
Batting: SHB Andrés Hernández 0-0: Foul Ball, location: 2F
0-1: SINGLE (Flyball, 7S)
Batting: RHB Juan Morales 0-0: Fielders Choice at 2nd, 6-4 (Groundball, 6)
Batting: SHB Ángel Estrada 0-0: Called Strike
0-1: Ball
1-1: Ball
2-1: Foul Ball, location: 2F
2-2: Ball
3-2: SINGLE (Line Drive, 34)
Juan Morales to second
Juan Morales to third
Batting: RHB Roberto Landavazo 0-0: Ball
1-0: Swinging Strike
1-1: Ball
2-1: Called Strike
2-2: Ball
3-2: Strikes out swinging
Top of the 1st over - 0 run(s), 2 hit(s), 0 error(s), 2 left on base; Salem 0 - Seattle 0
BOTTOM OF THE 1ST
Seattle Rainiers batting - Pitching for Salem Sledgehammers : LHP Salvador Pérez
Pitching: LHP Salvador Pérez
Batting: LHB Quinn Webb 0-0: Swinging Strike
0-1: SINGLE (Line Drive, 6M)
Batting: RHB Juan Bruno 0-0: Ball
Quinn Webb steals 2nd base
1-0: Called Strike
1-1: Ball
2-1: Foul Ball, location: 2F
2-2: Ball
3-2: Strikes out swinging
Batting: RHB Jesús Ortíz 0-0: Ball
Quinn Webb steals 3rd base
1-0: Ball
2-0: Ball
3-0: Called Strike
3-1: Base on Balls
Batting: RHB Mike Russell 0-0: Ball
1-0: Foul Ball, location: 2F
1-1: Fly out, F6 (Popup, 6)
Batting: RHB Roger Lamb 0-0: Swinging Strike
0-1: Called Strike
0-2: Ball
1-2: Ball
2-2: Foul Ball, location: 2F
2-2: Strikes out swinging
Bottom of the 1st over - 0 run(s), 1 hit(s), 0 error(s), 2 left on base; Salem 0 - Seattle 0
TOP OF THE 2ND
Salem Sledgehammers batting - Pitching for Seattle Rainiers : RHP Les Johnston
Batting: RHB Erik Carter 0-0: Ball
1-0: Called Strike
1-1: Ball
2-1: Ball
3-1: Called Strike
3-2: Base on Balls
Batting: RHB John Burton 0-0: Ball
1-0: Called Strike
Erik Carter steals 2nd base
1-1: Ball
2-1: Called Strike
2-2: Strikes out swinging
Batting: RHB José González 0-0: Ball
1-0: Ball
2-0: Called Strike
2-1: Fly out, F9 (Flyball, 9S)
Batting: RHB Joe Wright 0-0: Ball
1-0: Ball
2-0: Ball
3-0: Base on Balls
Batting: RHB Ben Simpson 0-0: Ball
1-0: Ball
2-0: SINGLE (Line Drive, 56D)
Erik Carter to third
Joe Wright to second
Runner from 3rd tries for Home, SAFE, no throw
Batting: SHB Andrés Hernández 0-0: Ball
1-0: Foul Ball, location: 2F
1-1: Ball
2-1: Hit by Pitch
Joe Wright to third
Ben Simpson to second
Batting: RHB Juan Morales 0-0: Ball
1-0: Ball
2-0: Fielders Choice at 2nd, 4-6 (Groundball, 4)
Top of the 2nd over - 1 run(s), 1 hit(s), 0 error(s), 2 left on base; Salem 1 - Seattle 0
BOTTOM OF THE 2ND
Seattle Rainiers batting - Pitching for Salem Sledgehammers : LHP Salvador Pérez
Batting: LHB Duane Lemay 0-0: Fly out, F9 (Line Drive, 9)
Batting: RHB John Eaves 0-0: Ball
1-0: Ball
2-0: Called Strike
2-1: Swinging Strike
2-2: Foul Ball, location: 2F
2-2: Strikes out swinging
Batting: RHB Larry Storms 0-0: Ball
1-0: Foul Ball, location: 2F
1-1: Foul Ball, location: 2F
1-2: Strikes out swinging
Bottom of the 2nd over - 0 run(s), 0 hit(s), 0 error(s), 0 left on base; Salem 1 - Seattle 0
TOP OF THE 3RD
Salem Sledgehammers batting - Pitching for Seattle Rainiers : RHP Les Johnston
Batting: SHB Ángel Estrada 0-0: Called Strike
0-1: Ball
1-1: Called Strike
1-2: Ball
2-2: Strikes out looking
Batting: RHB Roberto Landavazo 0-0: Called Strike
0-1: Foul Ball, location: 2F
0-2: Ball
1-2: Ball
2-2: Strikes out looking
Batting: RHB Erik Carter 0-0: Fly out, F9 (Flyball, 89M)
Top of the 3rd over - 0 run(s), 0 hit(s), 0 error(s), 0 left on base; Salem 1 - Seattle 0
BOTTOM OF THE 3RD
Seattle Rainiers batting - Pitching for Salem Sledgehammers : LHP Salvador Pérez
Batting: RHB Roberto Valentín 0-0: Ball
1-0: Called Strike
1-1: Hit by Pitch
Batting: LHB Quinn Webb 0-0: SINGLE (Groundball, 34D)
Roberto Valentín to second
Runner from 2nd tries for 3rd, SAFE, throw made to third
Batting: RHB Juan Bruno 0-0: Ball
1-0: Fly out, F8 (Flyball, 8LS)
Batting: RHB Jesús Ortíz 0-0: Called Strike
0-1: Ball
1-1: Fielders Choice at 2nd, 4-6 (Groundball, 34)
Roberto Valentín scores
Batting: RHB Mike Russell 0-0: Ball
1-0: Called Strike
1-1: Ball
2-1: Fielders Choice at 2nd, 4-6 (Groundball, 4)
Bottom of the 3rd over - 1 run(s), 1 hit(s), 0 error(s), 0 left on base; Salem 1 - Seattle 1
TOP OF THE 4TH
Salem Sledgehammers batting - Pitching for Seattle Rainiers : RHP Les Johnston
Batting: RHB John Burton 0-0: Called Strike
0-1: Ball
1-1: SINGLE (Line Drive, 78S)
Batting: RHB José González 0-0: Ball
1-0: Foul Ball, location: 2F
1-1: Swinging Strike
1-2: Strikes out looking
Batting: RHB Joe Wright 0-0: Called Strike
0-1: DOUBLE (Flyball, 78XD)
John Burton to third
Batting: RHB Ben Simpson 0-0: Ball
1-0: Ball
2-0: Called Strike
2-1: Ball
3-1: Base on Balls
Batting: SHB Andrés Hernández 0-0: Foul Ball, location: 2F
0-1: Ball
1-1: DOUBLE (Line Drive, 78M)
John Burton scores
Joe Wright scores
Ben Simpson to third
Batting: RHB Juan Morales 0-0: Fly out, F5 (Popup, 5S)
Batting: SHB Ángel Estrada 0-0: Ball
1-0: Called Strike
1-1: Ball
2-1: Fly out, F9 (Flyball, 9)
Top of the 4th over - 2 run(s), 3 hit(s), 0 error(s), 2 left on base; Salem 3 - Seattle 1
BOTTOM OF THE 4TH
Seattle Rainiers batting - Pitching for Salem Sledgehammers : LHP Salvador Pérez
Batting: RHB Roger Lamb 0-0: Ball
1-0: Ball
2-0: Ball
3-0: Called Strike
3-1: Base on Balls
Batting: LHB Duane Lemay 0-0: Foul Ball, location: 2F
0-1: Called Strike
0-2: Strikes out swinging
Batting: RHB John Eaves 0-0: Called Strike
0-1: Called Strike
0-2: Ball
1-2: Fly out, F8 (Flyball, 8LXD)
Batting: RHB Larry Storms 0-0: Called Strike
0-1: Foul Ball, location: 2F
0-2: Strikes out swinging, 2-3 out at first.
Bottom of the 4th over - 0 run(s), 0 hit(s), 0 error(s), 1 left on base; Salem 3 - Seattle 1
TOP OF THE 5TH
Salem Sledgehammers batting - Pitching for Seattle Rainiers : RHP Les Johnston
Batting: RHB Roberto Landavazo 0-0: Ground out 5-3 (Groundball, 5S)
Batting: RHB Erik Carter 0-0: Ball
1-0: Called Strike
1-1: Called Strike
1-2: Ball
2-2: Strikes out swinging
Batting: RHB John Burton 0-0: Called Strike
0-1: Ball
1-1: Fly out, F4 (Popup, 34D)
Top of the 5th over - 0 run(s), 0 hit(s), 0 error(s), 0 left on base; Salem 3 - Seattle 1
BOTTOM OF THE 5TH
Seattle Rainiers batting - Pitching for Salem Sledgehammers : LHP Salvador Pérez
Batting: RHB Roberto Valentín 0-0: SINGLE (Groundball, 34D)
Batting: LHB Quinn Webb 0-0: Foul Ball, location: 2F
0-1: Called Strike
0-2: Foul Ball, location: 2F
0-2: Ball
1-2: Foul Ball, location: 2F
1-2: Foul Ball, location: 2F
1-2: Foul Ball, location: 2F
1-2: SINGLE (Groundball, 4MD)
Roberto Valentín to second
Batting: RHB Juan Bruno 0-0: Called Strike
0-1: Foul Ball, location: 2F
0-2: Foul Ball, location: 2F
0-2: Ball
1-2: Foul Ball, location: 2F
1-2: Ball
2-2: Strikes out looking
Batting: RHB Jesús Ortíz 0-0: Grounds into double play, 6-4-3 (Groundball, 6)
Bottom of the 5th over - 0 run(s), 2 hit(s), 0 error(s), 1 left on base; Salem 3 - Seattle 1
TOP OF THE 6TH
Salem Sledgehammers batting - Pitching for Seattle Rainiers : RHP Les Johnston
Pitching: LHP Nick Thornton
Batting: RHB José González 0-0: Ball
1-0: Foul Ball, location: 2F
1-1: Called Strike
1-2: Strikes out swinging
Batting: RHB Joe Wright 0-0: Fly out, F6 (Line Drive, 6M)
Batting: RHB Ben Simpson 0-0: Called Strike
0-1: Called Strike
0-2: Ball
1-2: Ball
2-2: Fly out, F9 (Flyball, 9S)
Top of the 6th over - 0 run(s), 0 hit(s), 0 error(s), 0 left on base; Salem 3 - Seattle 1
BOTTOM OF THE 6TH
Seattle Rainiers batting - Pitching for Salem Sledgehammers : LHP Salvador Pérez
Batting: RHB Mike Russell 0-0: Called Strike
0-1: Ground out 5-3 (Groundball, 5L)
Batting: RHB Roger Lamb 0-0: Foul Ball, location: 2F
0-1: Called Strike
0-2: Fly out, F5 (Popup, 56)
Batting: LHB Duane Lemay 0-0: Ball
1-0: Ball
2-0: Ball
3-0: Base on Balls
Pitching: LHP Greg Ferguson
Batting: RHB John Eaves 0-0: Ball
1-0: Called Strike
Duane Lemay steals 2nd base
1-1: Ball
2-1: Called Strike
2-2: Foul Ball, location: 2F
2-2: Strikes out swinging
Bottom of the 6th over - 0 run(s), 0 hit(s), 0 error(s), 1 left on base; Salem 3 - Seattle 1
TOP OF THE 7TH
Salem Sledgehammers batting - Pitching for Seattle Rainiers : LHP Nick Thornton
Batting: SHB Andrés Hernández 0-0: Ball
1-0: Called Strike
1-1: Foul Ball, location: 2F
1-2: SINGLE (Line Drive, 78S)
Batting: RHB Juan Morales 0-0: Called Strike
0-1: Foul Ball, location: 2F
0-2: Strikes out looking
Batting: SHB Ángel Estrada 0-0: Ball
1-0: Ball
2-0: Swinging Strike
2-1: Swinging Strike
2-2: Foul Ball, location: 2F
2-2: Strikes out swinging
Batting: RHB Roberto Landavazo 0-0: Ball
1-0: Foul Ball, location: 2F
1-1: Ball
2-1: Ball
3-1: Foul Ball, location: 2F
3-2: Fly out, F2 (Popup, 25)
Top of the 7th over - 0 run(s), 1 hit(s), 0 error(s), 1 left on base; Salem 3 - Seattle 1
BOTTOM OF THE 7TH
Seattle Rainiers batting - Pitching for Salem Sledgehammers : LHP Greg Ferguson
Batting: RHB Larry Storms 0-0: Ball
1-0: Ball
2-0: Ball
3-0: Base on Balls
Batting: RHB Roberto Valentín 0-0: Foul Ball, location: 2F
0-1: Ground out 3-1 (Groundball, 34)
Larry Storms to second
Batting: LHB Quinn Webb 0-0: Called Strike
0-1: Swinging Strike
0-2: Ball
1-2: Strikes out swinging
Batting: RHB Juan Bruno 0-0: Ball
1-0: Fly out, F8 (Flyball, 8RM)
Bottom of the 7th over - 0 run(s), 0 hit(s), 0 error(s), 1 left on base; Salem 3 - Seattle 1
TOP OF THE 8TH
Salem Sledgehammers batting - Pitching for Seattle Rainiers : LHP Nick Thornton
Batting: RHB Erik Carter 0-0: Ball
1-0: Ball
2-0: Swinging Strike
2-1: Swinging Strike
2-2: Ball
3-2: Strikes out swinging
Batting: RHB John Burton 0-0: SINGLE (Groundball, 6MD)
Batting: RHB José González 0-0: Called Strike
0-1: Ball
1-1: Called Strike
1-2: Foul Ball, location: 2F
1-2: Strikes out swinging
Batting: RHB Joe Wright 0-0: Fly out, F6 (Popup, 6MD)
Top of the 8th over - 0 run(s), 1 hit(s), 0 error(s), 1 left on base; Salem 3 - Seattle 1
BOTTOM OF THE 8TH
Seattle Rainiers batting - Pitching for Salem Sledgehammers : LHP Greg Ferguson
Batting: RHB Jesús Ortíz 0-0: Ball
1-0: Ball
2-0: Ball
3-0: Base on Balls
Pitching: RHP Will Robinson
Batting: RHB Mike Russell 0-0: Fly out, F9 (Flyball, 9)
Batting: RHB Roger Lamb 0-0: Called Strike
0-1: Ball
1-1: Ball
2-1: Ball
3-1: Called Strike
3-2: Base on Balls
Jesús Ortíz to second
Pitching: LHP Pepe Gómez
Batting: LHB Duane Lemay 0-0: Called Strike
0-1: Called Strike
0-2: Ball
1-2: Strikes out swinging
Pitching: RHP Felipe Madrid
Pinch Hitting: LHB Darren Cook 0-0: Ball
1-0: Called Strike
1-1: Ball
2-1: Foul Ball, location: 2F
2-2: Strikes out swinging
Bottom of the 8th over - 0 run(s), 0 hit(s), 0 error(s), 2 left on base; Salem 3 - Seattle 1
TOP OF THE 9TH
Salem Sledgehammers batting - Pitching for Seattle Rainiers : LHP Nick Thornton
Now at 3B: Darren Cook
Batting: RHB Ben Simpson 0-0: Ball
1-0: Ball
2-0: Ball
3-0: Called Strike
3-1: Fly out, F7 (Flyball, 7)
Batting: SHB Andrés Hernández 0-0: Called Strike
0-1: Swinging Strike
0-2: Strikes out swinging
Batting: RHB Juan Morales 0-0: Ball
1-0: Ball
2-0: Foul Ball, location: 2F
2-1: Ground out 6-3 (Groundball, 6D)
Top of the 9th over - 0 run(s), 0 hit(s), 0 error(s), 0 left on base; Salem 3 - Seattle 1
BOTTOM OF THE 9TH
Seattle Rainiers batting - Pitching for Salem Sledgehammers : RHP Felipe Madrid
Pitching: RHP Francisco López
Batting: RHB Larry Storms 0-0: Called Strike
0-1: Fly out, F4 (Popup, 3D)
Batting: RHB Roberto Valentín 0-0: Ball
1-0: Foul Ball, location: 2F
1-1: Called Strike
1-2: Ball
2-2: Ball
3-2: Base on Balls
Batting: LHB Quinn Webb 0-0: DOUBLE (Groundball, 3L)
Roberto Valentín to third
Runner from 3rd tries for Home, throw and OUT!
Quinn Webb to third
Batting: RHB Juan Bruno 0-0: Ball
1-0: Called Strike
1-1: Fly out, F7 (Line Drive, 78M)
Bottom of the 9th over - 0 run(s), 1 hit(s), 0 error(s), 1 left on base; Salem 3 - Seattle 1
Tuesday, August 8th, 2017 - OOTP Baseball 17.12 Build 75